RL
ROCKY MOUNTAIN OYSTERS @ ROCHESTER MONARCHS
08/01/2059
 
TOP OF THE 1ST
Rocky Mountain Oysters batting - Pitching for Rochester Monarchs : LHP Evan Patin
Pitching: LHP Evan Patin
Batting: RHB Raven Schimmenti 0-0: Called Strike
0-1: Foul Ball, location: 2F
0-2: Ball
1-2: SINGLE (Flyball, 78S, EV 90.6 MPH)
Batting: RHB Ethen Rigotti 0-0: Ball
Raven Schimmenti is caught stealing 2nd base 2-4
1-0: Ball
2-0: Ball
3-0: Called Strike
3-1: Base on Balls
Batting: LHB Louis May 0-0: Ball
1-0: Ball
2-0: Foul Ball, location: 2F
2-1: Foul Ball, location: 2F
2-2: Ball
3-2: Foul Ball, location: 2F
3-2: Strikes out looking
Batting: RHB Landon Bolin 0-0: Swinging Strike
0-1: Ground out 5-3 (Groundball, 5L, EV 91.9 MPH)
Top of the 1st over - 0 runs, 1 hit, 0 errors, 1 left on base; Rocky Mountain 0 - Rochester 0
BOTTOM OF THE 1ST
Rochester Monarchs batting - Pitching for Rocky Mountain Oysters : RHP Javis Navarro
Pitching: RHP Javis Navarro
Batting: RHB Horace York 0-0: Ball
1-0: Foul Ball, location: 2F
1-1: Ball
2-1: Ground out 4-3 (Groundball, 34, EV 103.8 MPH)
Batting: SHB Dax Brenton 0-0: Called Strike
0-1: SINGLE (Line Drive, 78S, EV 101.2 MPH)
Batting: LHB Carlton Bryer 0-0: Ball
1-0: Swinging Strike
1-1: Foul Ball, location: 2F
1-2: Foul Ball, location: 2F
1-2: Strikes out swinging
Batting: RHB Armond Chaidez 0-0: Fly out, F4 (Popup, 4M, EV 65.0 MPH)
Bottom of the 1st over - 0 runs, 1 hit, 0 errors, 1 left on base; Rocky Mountain 0 - Rochester 0
TOP OF THE 2ND
Rocky Mountain Oysters batting - Pitching for Rochester Monarchs : LHP Evan Patin
Batting: RHB Phoenix Meade 0-0: SINGLE (Flyball, 3D, EV 90.0 MPH)
Batting: LHB Sebastien Thompson 0-0: Fielders Choice at 2nd, 6-4 (Groundball, 6M, EV 85.0 MPH)
Batting: LHB Al Kinney 0-0: Called Strike
0-1: Foul Ball, location: 2F
0-2: Strikes out looking
Batting: SHB Seth McNeill 0-0: Called Strike
0-1: Ball
1-1: Foul Ball, location: 2F
1-2: Ball
2-2: Strikes out swinging
Top of the 2nd over - 0 runs, 1 hit, 0 errors, 1 left on base; Rocky Mountain 0 - Rochester 0
BOTTOM OF THE 2ND
Rochester Monarchs batting - Pitching for Rocky Mountain Oysters : RHP Javis Navarro
Batting: LHB Addison Morris 0-0: Called Strike
0-1: Swinging Strike
0-2: Ball
1-2: SINGLE (Groundball, 34D, EV 105.6 MPH)
Batting: RHB Vern Morales 0-0: Called Strike
0-1: Foul Ball, location: 2F
0-2: Ball
1-2: Fielders Choice at 2nd, 6-4 (Groundball, 6S, EV 90.0 MPH)
Batting: RHB Rasheed Phillips 0-0: Ball
1-0: Swinging Strike
1-1: Ball
2-1: Fly out, F7 (Flyball, 78S, EV 90.0 MPH)
Batting: RHB Frank Glass 0-0: Ball
Vern Morales steals 2nd base
1-0: Called Strike
1-1: Ball
2-1: Ground out 6-3 (Groundball, 6S, EV 86.9 MPH)
Bottom of the 2nd over - 0 runs, 1 hit, 0 errors, 1 left on base; Rocky Mountain 0 - Rochester 0
TOP OF THE 3RD
Rocky Mountain Oysters batting - Pitching for Rochester Monarchs : LHP Evan Patin
Batting: RHB Grady Williams 0-0: Called Strike
0-1: Ball
1-1: Ball
2-1: Foul Ball, location: 2F
2-2: Fly out, F7 (Line Drive, 78M, EV 91.2 MPH)
Batting: RHB Raven Schimmenti 0-0: Ball
1-0: Swinging Strike
1-1: Ball
2-1: Called Strike
2-2: Ground out 6-3 (Groundball, 56D, EV 95.6 MPH)
Batting: RHB Ethen Rigotti 0-0: Ball
1-0: Fly out, F7 (Flyball, 78S, EV 89.4 MPH)
Top of the 3rd over - 0 runs, 0 hits, 0 errors, 0 left on base; Rocky Mountain 0 - Rochester 0
BOTTOM OF THE 3RD
Rochester Monarchs batting - Pitching for Rocky Mountain Oysters : RHP Javis Navarro
Batting: SHB Phil Dimitratos 0-0: Ball
1-0: Fly out, F7 (Flyball, 7, EV 98.1 MPH)
Batting: RHB Horace York 0-0: Ball
1-0: Called Strike
1-1: Fly out, F7 (Line Drive, 7, EV 91.2 MPH)
Batting: SHB Dax Brenton 0-0: Foul Ball, location: 2F
0-1: Swinging Strike
0-2: Strikes out swinging
Bottom of the 3rd over - 0 runs, 0 hits, 0 errors, 0 left on base; Rocky Mountain 0 - Rochester 0
TOP OF THE 4TH
Rocky Mountain Oysters batting - Pitching for Rochester Monarchs : LHP Evan Patin
Batting: LHB Louis May 0-0: Ball
1-0: Foul Ball, location: 2F
1-1: Fly out, F8 (Flyball, 8LM, EV 94.4 MPH)
Batting: RHB Landon Bolin 0-0: Ball
1-0: Ball
2-0: Called Strike
2-1: Ball
3-1: Called Strike
3-2: Strikes out swinging
Batting: RHB Phoenix Meade 0-0: Ground out 6-3 (Groundball, 6, EV 94.4 MPH)
Top of the 4th over - 0 runs, 0 hits, 0 errors, 0 left on base; Rocky Mountain 0 - Rochester 0
BOTTOM OF THE 4TH
Rochester Monarchs batting - Pitching for Rocky Mountain Oysters : RHP Javis Navarro
Batting: LHB Carlton Bryer 0-0: Ball
1-0: Ball
2-0: Swinging Strike
2-1: Called Strike
2-2: Ball
3-2: Ground out 5-3 (Groundball, 56S, EV 91.2 MPH)
Batting: RHB Armond Chaidez 0-0: Ball
1-0: Called Strike
1-1: Fly out, F7 (Flyball, 7, EV 82.5 MPH)
Batting: LHB Addison Morris 0-0: Swinging Strike
0-1: Foul Ball, location: 2F
0-2: Ball
1-2: Fly out, F7 (Flyball, 7LSF, EV 100.6 MPH)
Bottom of the 4th over - 0 runs, 0 hits, 0 errors, 0 left on base; Rocky Mountain 0 - Rochester 0
TOP OF THE 5TH
Rocky Mountain Oysters batting - Pitching for Rochester Monarchs : LHP Evan Patin
Batting: LHB Sebastien Thompson 0-0: Swinging Strike
0-1: Ball
1-1: Fly out, F9 (Flyball, 9D, EV 98.8 MPH)
Batting: LHB Al Kinney 0-0: Ball
1-0: Ball
2-0: Foul Ball, location: 2F
2-1: Ball
3-1: Foul Ball, location: 2F
3-2: Foul Ball, location: 2F
3-2: Foul Ball, location: 2F
3-2: Strikes out swinging
Batting: SHB Seth McNeill 0-0: Ball
1-0: Foul Ball, location: 2F
1-1: Hit by Pitch
Pitching: RHP O.P. Bebutov
Batting: RHB Grady Williams 0-0: Called Strike
0-1: Called Strike
0-2: Ball
1-2: Ball
2-2: SINGLE (Line Drive, 8LS, EV 101.9 MPH)
Seth McNeill to second
Batting: RHB Raven Schimmenti 0-0: Ball
1-0: Ball
2-0: Foul Ball, location: 2F
2-1: Ball
3-1: Base on Balls
Seth McNeill to third
Grady Williams to second
Batting: RHB Ethen Rigotti 0-0: Fly out, F3 (Popup, 3SF, EV 76.2 MPH)
Top of the 5th over - 0 runs, 1 hit, 0 errors, 3 left on base; Rocky Mountain 0 - Rochester 0
BOTTOM OF THE 5TH
Rochester Monarchs batting - Pitching for Rocky Mountain Oysters : RHP Javis Navarro
Batting: RHB Vern Morales 0-0: Ball
1-0: Called Strike
1-1: Ground out 6-3 (Groundball, 6, EV 81.9 MPH)
Batting: RHB Rasheed Phillips 0-0: Swinging Strike
0-1: Swinging Strike
0-2: Ball
1-2: Strikes out swinging
Batting: RHB Frank Glass 0-0: Ball
1-0: Swinging Strike
1-1: DOUBLE (Flyball, 89D, EV 89.4 MPH)
Batting: SHB Phil Dimitratos 0-0: Ball
1-0: Called Strike
1-1: Fly out, F5 (Popup, 56, EV 72.5 MPH)
Bottom of the 5th over - 0 runs, 1 hit, 0 errors, 1 left on base; Rocky Mountain 0 - Rochester 0
TOP OF THE 6TH
Rocky Mountain Oysters batting - Pitching for Rochester Monarchs : RHP O.P. Bebutov
Batting: LHB Louis May 0-0: Ball
1-0: Called Strike
1-1: Ball
2-1: Called Strike
2-2: Ball
3-2: Foul Ball, location: 2F
3-2: Foul Ball, location: 2F
3-2: Base on Balls
Batting: RHB Landon Bolin 0-0: Ball
1-0: Foul Ball, location: 2F
1-1: Ball
2-1: Grounds into double play, 5-4-3 (Groundball, 56, EV 80.6 MPH)
Batting: RHB Phoenix Meade 0-0: Ball
1-0: Ball
2-0: Ball
3-0: Called Strike
3-1: SINGLE (Line Drive, 7S, EV 95.0 MPH)
Pitching: RHP Monte Teua
Batting: LHB Sebastien Thompson 0-0: Ball
1-0: Swinging Strike
1-1: Foul Ball, location: 2F
1-2: Strikes out swinging
Top of the 6th over - 0 runs, 1 hit, 0 errors, 1 left on base; Rocky Mountain 0 - Rochester 0
BOTTOM OF THE 6TH
Rochester Monarchs batting - Pitching for Rocky Mountain Oysters : RHP Javis Navarro
Batting: RHB Horace York 0-0: Called Strike
0-1: Swinging Strike
0-2: Ball
1-2: Ball
2-2: Strikes out swinging
Batting: SHB Dax Brenton 0-0: Ball
1-0: DOUBLE (Flyball, 8LXD, EV 101.2 MPH)
Batting: LHB Carlton Bryer 0-0: Ball
1-0: SINGLE (Line Drive, 89M, EV 98.1 MPH)
Dax Brenton to third
Batting: RHB Armond Chaidez 0-0: Called Strike
0-1: Fly out, F5 (Popup, 56, EV 68.1 MPH)
Batting: LHB Addison Morris 0-0: Called Strike
0-1: Swinging Strike
0-2: Ball
1-2: Ball
2-2: Fly out, F7 (Flyball, 7, EV 98.1 MPH)
Bottom of the 6th over - 0 runs, 2 hits, 0 errors, 2 left on base; Rocky Mountain 0 - Rochester 0
TOP OF THE 7TH
Rocky Mountain Oysters batting - Pitching for Rochester Monarchs : RHP Monte Teua
Batting: LHB Al Kinney 0-0: Ball
1-0: Swinging Strike
1-1: Ball
2-1: SOLO HOME RUN (Flyball, 78XD, EV 109.4 MPH), Distance : 422 ft
Batting: SHB Seth McNeill 0-0: Ball
1-0: Foul Ball, location: 2F
1-1: Called Strike
1-2: Strikes out swinging passed ball, reaches first!
Batting: RHB Grady Williams 0-0: Grounds into double play, 6-4-3 (Groundball, 6, EV 103.1 MPH)
Batting: RHB Raven Schimmenti 0-0: Ball
1-0: Ball
2-0: Called Strike
2-1: Fly out, F7 (Flyball, 78M, EV 93.8 MPH)
Top of the 7th over - 1 run, 1 hit, 0 errors, 0 left on base; Rocky Mountain 1 - Rochester 0
BOTTOM OF THE 7TH
Rochester Monarchs batting - Pitching for Rocky Mountain Oysters : RHP Javis Navarro
Batting: RHB Vern Morales 0-0: Ball
1-0: Called Strike
1-1: Fly out, F8 (Flyball, 8RM, EV 93.8 MPH)
Pinch Hitting: LHB Eli Throne 0-0: Ball
1-0: Swinging Strike
1-1: Ball
2-1: Foul Ball, location: 2F
2-2: Ground out U3 (Groundball, 34S, EV 88.1 MPH)
Batting: RHB Frank Glass 0-0: Called Strike
0-1: Ball
1-1: Ball
2-1: Ground out 6-3 (Groundball, 6, EV 86.2 MPH)
Bottom of the 7th over - 0 runs, 0 hits, 0 errors, 0 left on base; Rocky Mountain 1 - Rochester 0
TOP OF THE 8TH
Rocky Mountain Oysters batting - Pitching for Rochester Monarchs : RHP Monte Teua
Now at 2B: Horace York
Now in CF: Eli Throne
Batting: RHB Ethen Rigotti 0-0: Ball
1-0: Ball
2-0: Ball
3-0: Called Strike
3-1: Fly out, F9 (Flyball, 9, EV 85.0 MPH)
Batting: LHB Louis May 0-0: Ball
1-0: Ball
2-0: Swinging Strike
2-1: Ball
3-1: Base on Balls
Pitching: LHP Sincere Lopez
Batting: RHB Landon Bolin 0-0: Ball
1-0: Swinging Strike
1-1: Foul Ball, location: 2F
1-2: Strikes out swinging
Batting: RHB Phoenix Meade 0-0: Called Strike
0-1: Ball
1-1: Ball
2-1: Called Strike
2-2: Ball
3-2: Base on Balls
Louis May to second
Batting: LHB Sebastien Thompson 0-0: Called Strike
0-1: Foul Ball, location: 2F
0-2: Ball
1-2: Strikes out swinging
Top of the 8th over - 0 runs, 0 hits, 0 errors, 2 left on base; Rocky Mountain 1 - Rochester 0
BOTTOM OF THE 8TH
Rochester Monarchs batting - Pitching for Rocky Mountain Oysters : RHP Javis Navarro
Batting: SHB Phil Dimitratos 0-0: Called Strike
0-1: Ball
1-1: Ball
2-1: Called Strike
2-2: Ground out 6-3 (Groundball, 6, EV 103.8 MPH)
Batting: RHB Horace York 0-0: Called Strike
0-1: Swinging Strike
0-2: Strikes out swinging
Batting: SHB Dax Brenton 0-0: Ball
1-0: Foul Ball, location: 2F
1-1: Ball
2-1: Fly out, F8 (Line Drive, 8LXD, EV 89.4 MPH)
Bottom of the 8th over - 0 runs, 0 hits, 0 errors, 0 left on base; Rocky Mountain 1 - Rochester 0
TOP OF THE 9TH
Rocky Mountain Oysters batting - Pitching for Rochester Monarchs : LHP Sincere Lopez
Pinch Hitting: RHB Morrison Suttle 0-0: Ball
1-0: Swinging Strike
1-1: Ball
2-1: Ball
3-1: Base on Balls
Batting: SHB Seth McNeill 0-0: Foul Ball, location: 2F
0-1: Ball
1-1: Ball
2-1: Bunt - Flyout to 2R! F2
Batting: RHB Grady Williams 0-0: Swinging Strike
0-1: Foul Ball, location: 2F
0-2: Ball
1-2: Ball
2-2: SINGLE (Line Drive, 89M, EV 91.2 MPH)
Morrison Suttle to second
Runner from 2nd tries for 3rd, SAFE, throw by RF made at trailing runner, OUT! 9-6
Pitching: RHP Tyson Yanez
Batting: RHB Raven Schimmenti 0-0: Called Strike
0-1: Swinging Strike
0-2: Ball
1-2: Strikes out looking
Top of the 9th over - 0 runs, 1 hit, 0 errors, 1 left on base; Rocky Mountain 1 - Rochester 0
BOTTOM OF THE 9TH
Rochester Monarchs batting - Pitching for Rocky Mountain Oysters : RHP Javis Navarro
Pitching: RHP Ken Shivley
Now in LF: Sebastien Thompson
Now in CF: Morrison Suttle
Batting: LHB Carlton Bryer 0-0: Ball
1-0: Ball
2-0: Ball
3-0: Called Strike
3-1: Base on Balls
Batting: RHB Armond Chaidez 0-0: Ball
1-0: Ball
2-0: Ball
3-0: Base on Balls
Carlton Bryer to second
Batting: LHB Addison Morris 0-0: Ball
1-0: Called Strike
1-1: Swinging Strike
1-2: Ball
2-2: Foul Ball, location: 2F
2-2: Strikes out swinging
Pinch Hitting: RHB Kristofer Pleasants 0-0: Ball
1-0: Called Strike
1-1: Foul Ball, location: 2F
1-2: Ball
2-2: Ball
3-2: Base on Balls
Carlton Bryer to third
Armond Chaidez to second
Batting: LHB Eli Throne 0-0: Called Strike
0-1: Ball
1-1: Ball
2-1: Fly out, F7 (Flyball, 78M, EV 84.4 MPH)
Runner from 3rd tags up, SCORES, throw by LF
Batting: RHB Frank Glass 0-0: Foul Ball, location: 2F
0-1: Ground out 5-3 (Groundball, 56S, EV 74.4 MPH)
Bottom of the 9th over - 1 run, 0 hits, 0 errors, 2 left on base; Rocky Mountain 1 - Rochester 1
TOP OF THE 10TH
Rocky Mountain Oysters batting - Pitching for Rochester Monarchs : RHP Tyson Yanez
Pitching: RHP Jamil Smith
Now at SS: Dustin Johnson
Batting: LHB Abe Ryan 0-0: Called Strike
0-1: Ground out 5-3 (Groundball, 5, EV 98.1 MPH)
Batting: LHB Louis May 0-0: Ball
1-0: Called Strike
1-1: Called Strike
1-2: Strikes out swinging
Batting: RHB Landon Bolin 0-0: Ball
1-0: Foul Ball, location: 2F
1-1: Ball
2-1: Ball
3-1: Base on Balls
Pinch Hitting: LHB Sevrin Carreto 0-0: Ball
Landon Bolin steals 2nd base
1-0: Foul Ball, location: 2F
1-1: Ball
2-1: Swinging Strike
2-2: Strikes out swinging
Top of the 10th over - 0 runs, 0 hits, 0 errors, 1 left on base; Rocky Mountain 1 - Rochester 1
BOTTOM OF THE 10TH
Rochester Monarchs batting - Pitching for Rocky Mountain Oysters : RHP Ken Shivley
Pitching: RHP Elwood Harding
Now at C: Brett Ailes
Pinch Hitting: RHB Theo Sposato 0-0: Ball
1-0: Foul Ball, location: 2F
1-1: Called Strike
1-2: Fly out, F9 (Flyball, 9D, EV 86.9 MPH)
Batting: RHB Horace York 0-0: Ball
1-0: Called Strike
1-1: Ground out 4-3 (Groundball, 4S, EV 71.9 MPH)
Batting: SHB Dax Brenton 0-0: Called Strike
0-1: Ball
1-1: Foul Ball, location: 2F
1-2: Ground out 4-3 (Groundball, 4, EV 88.1 MPH)
Bottom of the 10th over - 0 runs, 0 hits, 0 errors, 0 left on base; Rocky Mountain 1 - Rochester 1
TOP OF THE 11TH
Rocky Mountain Oysters batting - Pitching for Rochester Monarchs : RHP Jamil Smith
Now at C: Theo Sposato
Batting: LHB Sebastien Thompson 0-0: Ball
1-0: Ball
2-0: Foul Ball, location: 2F
2-1: Swinging Strike
2-2: Strikes out swinging
Batting: RHB Morrison Suttle 0-0: Swinging Strike
0-1: Foul Ball, location: 2F
0-2: SINGLE (Groundball, 4M, EV 85.0 MPH) (infield hit)
Batting: SHB Seth McNeill 0-0: Called Strike
0-1: Ball
1-1: Ball
2-1: Ball
3-1: Fly out, F7 (Flyball, 78M, EV 96.9 MPH)
Pitching: RHP Lester Walker
Batting: RHB Grady Williams 0-0: SINGLE (Line Drive, 7S, EV 101.9 MPH)
Morrison Suttle to second
Batting: RHB Raven Schimmenti 0-0: Swinging Strike
0-1: Ground out 3-1 (Groundball, 34, EV 88.1 MPH)
Top of the 11th over - 0 runs, 2 hits, 0 errors, 2 left on base; Rocky Mountain 1 - Rochester 1
BOTTOM OF THE 11TH
Rochester Monarchs batting - Pitching for Rocky Mountain Oysters : RHP Elwood Harding
Batting: LHB Carlton Bryer 0-0: Called Strike
0-1: Ground out 4-3 (Groundball, 34D, EV 86.9 MPH)
Batting: RHB Armond Chaidez 0-0: Ball
1-0: Foul Ball, location: 2F
1-1: SINGLE (Flyball, 4D, EV 90.6 MPH)
Batting: LHB Addison Morris 0-0: Fly out, F6 (Popup, 6S, EV 66.9 MPH)
Pinch Hitting: RHB Dalton Pryor 0-0: Called Strike
0-1: Ball
1-1: Ball
2-1: 2-RUN HOME RUN (Flyball, 9D, EV 96.2 MPH), Distance : 369 ft
Bottom of the 11th over - 2 runs, 2 hits, 0 errors, 0 left on base; Rocky Mountain 1 - Rochester 3
Tuesday, March 19th , 2024 - OOTP Baseball 23.10 Build 110